Map: Blueshift LE

Players

Shino

  • Race: Zerg Zerg
  • League: Master
  • Spawn Location: 7:00

Lambo - Winner!

  • Race: Zerg Zerg
  • League: Master
  • Spawn Location: 1:00

VOD

Have the link to the VOD?

Description

Time

  • Played on: Jan. 22, 2019, 9:54 a.m.
  • Length: 2:34
Show
View Real Time Build Order
Export as new Build Order

Shino Zerg 

Build Orders: Pool Only 

Get SALT Encoding   

  12  0:18  Spawning Pool  
  11  0:22  Drone  
  11  0:25  Drone  
  13  0:30  Drone  
  14  0:39  Overlord  
  14  1:05  Zergling x6  
  17  1:16  Zergling x2  
  18  1:27  Zergling x2  
  19  1:37  Zergling x2  
  20  1:59  Spine Crawler  
  20  2:01  Spine Crawler  
Show
View Real Time Build Order
Export as new Build Order

Lambo Zerg - Winner!

Build Orders: Hatch First 

Get SALT Encoding   

  12  0:01  Drone  
  13  0:14  Overlord  
  13  0:17  Drone  
  14  0:33  Drone x2  
  16  0:49  Hatchery  
  15  0:52  Drone  
  15  0:55  Drone  
  17  1:09  Spawning Pool  
  17  1:11  Extractor  
  15  1:14  Drone  
  15  1:17  Drone  
  17  1:20  Drone  
  18  1:29  Drone  
  19  1:56  Zergling x4  
  23  2:02  Zergling x4  
Tags
 
Add a new tag
Caveats
  • Supply blocks, unpowered buildings, or Contaminate may cause inaccurate times.
  • Supply counts are checked every 10 seconds.